 Dungeon Crawl Stone Soup version 0.31.0-32-g396128a36d (webtiles) character file.

Game seed: 13286327069839695127

37418 Gabide the Destroyer (level 13, 0/99 HPs)
             Began as a Demonspawn Conjurer on Apr 9, 2024.
             Was a High Priest of Vehumet.
             Succumbed to a black mamba's poison
             ... on level 4 of the Lair of Beasts.
             The game lasted 00:43:15 (21711 turns).

Gabide the Destroyer (Demonspawn Conjurer)         Turns: 21711, Time: 00:43:15

Health: 0/99       AC: 14    Str:  8    XL:     13   Next: 58%
Magic:  22/33      EV: 15    Int: 24    God:    Vehumet [*****.]
Gold:   888        SH:  6    Dex: 17    Spells: 13/35 levels left

rFire   . . .        a - staff of earth
rCold   . . .        f - orb {light}
rNeg    . . .        y - +0 steam dragon scales
rPois   .            k - +0 helmet
rElec   .            o - +2 cloak
rCorr   .            B - +2 pair of gloves
SInv    +            F - +1 pair of boots
Will    .....        q
                       - Hermit's Pendant {Faith Invo=14 Evo=0 MP+5}
Stlth   +            p - ring of see invisible
HPRegen 0.36/turn    K - +6 ring of dexterity
MPRegen 0.23/turn

%: faith
@: lethally poisoned (0 -> -41), very slightly contaminated, glowing
A: large bone plates 2, ignite blood 2, powered by death 2, weakness stinger 1
a: Renounce Religion


You were on level 4 of the Lair of Beasts.
You worshipped Vehumet.
Vehumet was extremely pleased with you.
You visited 3 branches of the dungeon, and saw 18 of its levels.

You collected 904 gold pieces.
You spent 16 gold pieces at shops.

Inventory:

Hand Weapons
 b - a +3 rapier of speed
 n - a +0 sling
Armour
 f - an orb of light (worn)
 k - a +0 helmet (worn)
 o - a +2 cloak (worn)
 y - +0 steam dragon scales (worn)
 B - a +2 pair of gloves (worn)
 F - a +1 pair of boots (worn)
 J - an orb of wrath
Magical Staves
 a - a staff of earth (weapon)
 H - a staff of cold
Jewellery
 i - an amulet of regeneration
 p - a ring of see invisible (left hand)
 q - the Hermit's Pendant (around neck) {Faith Invo=14 Evo=0 MP+5}
   (You acquired it on level 3 of the Lair of Beasts)

   [amulet of faith]

   Invo=14: It sets your Invocations skill to 14.
   Evo=0: It sets your Evocations skill to 0.
   Faith:     It allows you to gain divine favour quickly.
   MP+5:      It affects your magic capacity (+5).
 K - a +6 ring of dexterity (right hand)
 L - a ring of wizardry
Wands
 c - a wand of polymorph (11)
 e - a wand of iceblast (12)
 s - a wand of flame (42)
 w - a wand of charming (4)
 C - a wand of quicksilver (3)
Scrolls
 j - 4 scrolls of immolation
 m - 6 scrolls of teleportation
 r - 3 scrolls of fog
 t - a scroll of revelation
 u - 3 scrolls of amnesia
 v - a scroll of silence
 x - a scroll of vulnerability
Potions
 d - 6 potions of might
 g - a potion of enlightenment
 h - 2 potions of mutation
 l - 4 potions of attraction
 z - a potion of brilliance
 A - a potion of ambrosia
 D - 2 potions of berserk rage
 E - a potion of curing
 G - a potion of invisibility
 I - 2 potions of lignification {unknown}


   Skills:
 + Level 8.6 Fighting
 - Level 6.0 Dodging
 - Level 3.0 Stealth
 * Level 11.9 Spellcasting
 - Level 12.0 Conjurations
 * Level 11.8 Earth Magic


You had 13 spell levels left.
You knew the following spells:

 Your Spells              Type           Power      Damage    Failure   Level
a - Magic Dart            Conj           100%       1d8       1%          1
b - Searing Ray           Conj           100%       2d8       1%          2
c - Static Discharge      Conj/Air       86%        3-7/arc   1%          2
d - Blink                 Tloc           28%        N/A       7%          2
e - Brom's Barrelling Bo  Conj/Erth      82%        2d9       1%          4
f - Bombard               Conj/Erth      41%        9d7       1%          6
g - Lee's Rapid Deconstr  Erth           41%        3d20*     1%          5

Your spell library contained the following spells:

 Spells                   Type           Power      Damage    Failure   Level
 Fireball                 Conj/Fire      21%        3d10      3%          5
 Foxfire                  Conj/Fire      100%       2x1d9     1%          1
 Fulminant Prism          Conj/Alch      21%        3d12      1%          4
 Iskenderun's Mystic Bla  Conj/Tloc      43%        2d10      1%          4
 Volatile Blastmotes      Fire/Tloc      28%        2d12      3%          3
 Leda's Liquefaction      Alch/Erth      29%        N/A       3%          4
 Slow                     Hex            56%        N/A       4%          1
 Call Imp                 Summ           28%        N/A       7%          2
 Borgnjor's Vile Clutch   Necr/Erth      29%        N/A       11%         5
 Airstrike                Air            7%         2d(1-17)  12%         4
 Confusing Touch          Hex            14%        N/A       13%         3
 Sigil of Binding         Hex            14%        N/A       13%         3
 Vampiric Draining        Necr           14%        2d7       13%         3
 Starburst                Conj/Fire      21%        6d7       16%         6
 Summon Lightning Spire   Summ/Air       14%        N/A       41%         4
 Alistair's Intoxication  Alch           9%         N/A       77%         5
 Eringya's Noxious Bog    Alch           7%         4d6       82%         6
 Plasma Beam              Fire/Air       7%         2x1d17    82%         6


Dungeon Overview and Level Annotations

Branches:
Dungeon (12/15)            Temple (1/1) D:5            Lair (5/5) D:8
  Swamp (0/4) Lair:2       Spider (0/4) Lair:3
  Slime: Lair:4-5       Orc: D:9-12

Altars:
Ashenzari
Cheibriados
Dithmenos
Fedhas
Gozag
Hepliaklqana
Kikubaaqudgha
Makhleb
Nemelex Xobeh
Okawaru
Qazlal
Ru
Sif Muna
Trog
Uskayaw
Vehumet
Wu Jian
Xom
Yredelemnul

Shops:
D:9 (!:*:?

Annotations:
D:4 Pikel
D:9 exclusion: upstairs


Innate Abilities, Weirdness & Mutations

You are mostly covered in large bone plates. (SH +6)
Your demonic aura often causes spilled blood to erupt in flames.
You regenerate health from kills.
You have a small tail.


Message History

The cane toad poisons you! The black mamba closely misses you.
The black mamba bites you! The cane toad stings you.
There is a stone staircase leading up, spattered with blood here.
You see here a komodo dragon corpse.
Aiming: Bombard (dangerous; 1% risk of failure)
Press: ? - help, Q - select action, (/) - cycle Shift-Dir - straight line, f - black mamba
Aim: a black mamba (haloed, 72% to hit)
You feel a surge of power!
You miscast Bombard.
You are very lightly contaminated with residual magic.
You are hit by flying rocks.
You feel very sick.
The black mamba bites you but does no damage.
The black mamba completely misses you. The cane toad completely misses you.
The black mamba bites you. The black mamba closely misses you.
A seven-headed hydra comes into view.
Unknown command.
Aiming: Bombard (dangerous; 1% risk of failure)
Press: ? - help, Q - select action, (/) - cycle Shift-Dir - straight line, f/p - black mamba
Aim: a black mamba (haloed, 72% to hit)
You feel a surge of power!
The iron shot misses the black mamba.
The seven-headed hydra roars!
You feel very sick. The black mamba bites you!
The black mamba bites you but does no damage.
The cane toad stings you.
* * * LOW HITPOINT WARNING * * *
You are lethally poisoned!
The cane toad poisons you! The black mamba closely misses you. x2
* * * LOW HITPOINT WARNING * * *
You feel extremely sick. The black mamba bites you.
* * * LOW HITPOINT WARNING * * *
You are more poisoned.
The black mamba poisons you! The cane toad completely misses you.
The black mamba bites you.
* * * LOW HITPOINT WARNING * * *
The black mamba bites you but does no damage.
The black mamba misses you. The cane toad closely misses you.
You climb upwards.
You die...

###......#.#...# #P......##
##.......###...######+###..##
#.#.....######.##.#≈≈~≈≈#...#
###.....#≈~≈≈#...##≈~≈~≈#..##
###.....#~≈~≈#...##~≈~≈~#..#
........+≈~≈~'...##≈~≈~≈#..##
........#~≈~≈#...####'###...#
........#≈~≈≈#.S.#.#.......###
........######..@S.........#.#
P.........##....F†..........##
.....P...###...............##
~.~~.....# #.P.#...##.######
.....P...# #####...####
≈≈≈≈≈≈...# #....# .≈≈......##
####...#### ####
#.#.......###.##...##.####.P#
............<..............##


You could see 2 black mambas and a cane toad.

Vanquished Creatures
  Rupert (Lair:4)
  Nessos (Lair:4)
  2 hydras (Lair:3)
  2 two-headed ogres
  A catoblepas (Lair:4)
  A boulder beetle (Lair:1)
  A death yak (Lair:3)
  A lindwurm (Lair:3)
  A manticore (D:8)
  11 elephants
  2 black mambas
  8 cane toads
  Maggie (D:7)
  A torpor snail (Lair:3)
  2 rime drakes
  An unseen horror (D:10)
  8 komodo dragons
  A troll (D:9)
  Grinder (D:5)
  3 polar bears
  Prince Ribbit (D:7)
  4 blink frogs (Lair:3)
  2 tyrant leeches (Lair:2)
  7 dream sheep (Lair:3)
  8 wyverns
  47 yaks
  Eustachio (D:4)
  2 wraiths
  A vampire (D:10)
  3 basilisks
  A steam dragon (D:9)
  Menkaure (D:4)
  6 vampire mosquitoes
  3 swamp worms (Lair:2)
  14 water moccasins
  4 orc warriors
  A swamp drake (D:8)
  A black bear (Lair:2)
  2 sky beasts
  12 wolves
  4 centaurs
  4 ogres
  2 lemures (D:4)
  3 kobold brigands
  12 bullfrogs
  4 scorpions
  8 wights
  6 killer bees (D:9)
  4 howler monkeys
  2 hounds (D:5)
  Crazy Yiuf (D:3)
  An orc priest (D:5)
  5 iguanas
  3 sleepcaps
  Natasha (thrice) (D:2)
  6 hell rats
  9 orc wizards
  Robin (D:3)
  7 adders
  A white imp (D:7)
  2 ufetubi (D:6)
  A ribbon worm (D:3)
  19 orcs
  4 endoplasms
  3 giant cockroaches
  19 goblins
  7 hobgoblins
  6 jackals
  23 kobolds
  A quokka (D:5)
  11 ball pythons
  3 bats
  6 frilled lizards
  4 rats
366 creatures vanquished.

Vanquished Creatures (others)
  3 boulders
3 creatures vanquished.

Grand Total: 369 creatures vanquished

Notes
Turn   | Place    | Note
-------+----------+-------------------------------------------
     0 | D:1      | Gabide the Demonspawn Conjurer began the quest for the Orb.
     0 | D:1      | Reached XP level 1. HP: 13/13 MP: 3/3
   337 | D:1      | Gained mutation: Your demonic aura sometimes causes spilled
                  | blood to erupt in flames. [demonic ancestry]
   337 | D:1      | Reached XP level 2. HP: 20/20 MP: 5/5
  1494 | D:2      | Found a faded altar of an unknown god.
  1566 | D:2      | Reached skill level 1 in Fighting
  1877 | D:2      | Reached XP level 3. HP: 26/26 MP: 2/6
  2380 | D:3      | Noticed Robin
  2490 | D:3      | Noticed Natasha
  2500 | D:2      | Killed Natasha
  2501 | D:2      | Gained mutation: Your demonic aura often causes spilled
                  | blood to erupt in flames. [demonic ancestry]
  2501 | D:2      | Reached XP level 4. HP: 25/32 MP: 0/8
  2860 | D:2      | Noticed Natasha
  2865 | D:2      | Killed Natasha
  2950 | D:2      | Noticed Natasha
  2958 | D:2      | Killed Natasha
  3036 | D:3      | Killed Robin
  3037 | D:3      | Reached XP level 5. HP: 38/38 MP: 2/9
  3621 | D:3      | Found a runed translucent door.
  3622 | D:3      | Noticed Crazy Yiuf
  3706 | D:3      | Reached skill level 5 in Conjurations
  4590 | D:3      | Killed Crazy Yiuf
  4591 | D:3      | Gained mutation: You regenerate a little health from kills.
                  | [demonic ancestry]
  4591 | D:3      | Reached XP level 6. HP: 10/44 MP: 0/11
  4860 | D:4      | Noticed Pikel
  5378 | D:4      | Learned a level 2 spell: Searing Ray
  5651 | D:4      | Noticed Menkaure
  5657 | D:4      | Killed Menkaure
  5658 | D:4      | Reached XP level 7. HP: 51/51 MP: 5/13
  5789 | D:4      | Noticed Eustachio
  5795 | D:4      | Killed Eustachio
  5796 | D:4      | Reached skill level 6 in Conjurations
  6345 | D:5      | Entered Level 5 of the Dungeon
  6347 | D:5      | Found a staircase to the Ecumenical Temple.
  6354 | D:5      | Reached skill level 5 in Spellcasting
  6398 | Temple   | Entered the Ecumenical Temple
  6404 | Temple   | Became a worshipper of Vehumet
  6841 | D:5      | Noticed Grinder
  6849 | D:5      | Paralysed by Grinder for 4 turns
  6854 | D:5      | Killed Grinder
  6855 | D:5      | Gained mutation: You are partially covered in large bone
                  | plates. (SH +4) [demonic ancestry]
  6855 | D:5      | Reached XP level 8. HP: 40/58 MP: 5/17
  7713 | D:6      | Reached skill level 7 in Conjurations
  7811 | D:6      | Reached * piety under Vehumet
  7811 | D:6      | Offered knowledge of Freeze by Vehumet.
  8131 | D:6      | Found an ancient bone altar of Kikubaaqudgha.
  8168 | D:6      | Found a shimmering altar of Xom.
  8281 | D:7      | Reached XP level 9. HP: 55/66 MP: 11/20
  8286 | D:7      | Reached skill level 8 in Conjurations
  8621 | D:7      | Noticed Prince Ribbit
  8638 | D:7      | Killed Prince Ribbit
  8639 | D:7      | Reached skill level 5 in Fighting
  8896 | D:7      | Noticed Maggie
  8910 | D:7      | Killed Maggie
  9190 | D:7      | Reached skill level 9 in Conjurations
  9426 | D:7      | Reached ** piety under Vehumet
  9575 | D:8      | Offered knowledge of Mercury Vapours by Vehumet.
  9586 | D:8      | Reached skill level 1 in Earth Magic
  9586 | D:8      | Reached XP level 10. HP: 72/76 MP: 12/23
  9961 | D:8      | Noticed a manticore
 10384 | D:9      | You fall into a shaft and drop 3 floors!
 10618 | D:11     | Reached skill level 5 in Earth Magic
 10622 | D:10     | Entered Level 10 of the Dungeon
 10623 | D:10     | Noticed a two-headed ogre
 10636 | D:10     | Killed a two-headed ogre
 11405 | D:10     | Learned a level 2 spell: Static Discharge
 11408 | D:10     | Learned a level 2 spell: Blink
 11955 | D:9      | Found Inloyqack's Magic Scroll Emporium.
 11961 | D:9      | Found Marhur's Book Shoppe.
 11962 | D:9      | Found Minuung's Book Shoppe.
 11962 | D:9      | Found Duexoepi's Distillery.
 11968 | D:9      | Found Tifyd Adghem's General Store.
 11968 | D:9      | Found Ynafrot's Weapon Shoppe.
 11976 | D:9      | Bought a scroll of noise for 16 gold pieces
 12238 | D:9      | Offered knowledge of Inner Flame by Vehumet.
 12239 | D:9      | Gained mutation: You are mostly covered in large bone
                  | plates. (SH +6) [demonic ancestry]
 12239 | D:9      | Reached XP level 11. HP: 74/81 MP: 16/24
 12437 | D:8      | Noticed a two-headed ogre
 12445 | D:8      | Killed a two-headed ogre
 13431 | D:8      | Found a staircase to the Lair.
 13766 | Lair:1   | Entered Level 1 of the Lair of Beasts
 14004 | Lair:1   | Reached *** piety under Vehumet
 15238 | Lair:2   | Noticed a boulder beetle
 15247 | Lair:2   | Reached skill level 10 in Conjurations
 15357 | Lair:1   | Killed a boulder beetle
 15528 | Lair:2   | Reached skill level 10 in Spellcasting
 15650 | Lair:2   | Reached skill level 10 in Earth Magic
 15650 | Lair:2   | Gained mutation: You have a small tail. [demonic ancestry]
 15650 | Lair:2   | Reached XP level 12. HP: 78/89 MP: 19/26
 15653 | Lair:2   | Offered knowledge of Brom's Barrelling Boulder by Vehumet.
 15900 | Lair:1   | Learned a level 4 spell: Brom's Barrelling Boulder
 16414 | Lair:2   | Learned a level 6 spell: Bombard
 16422 | Lair:2   | Learned a level 5 spell: Lee's Rapid Deconstruction
 16720 | Lair:2   | Found a staircase to the Swamp.
 16739 | Lair:2   | Reached **** piety under Vehumet
 17301 | Lair:3   | Offered knowledge of Dazzling Flash by Vehumet.
 17591 | Lair:3   | Found a hole to the Spider Nest.
 17766 | Lair:3   | Reached skill level 5 in Dodging
 17768 | Lair:3   | Reached skill level 11 in Conjurations
 17962 | Lair:3   | Noticed a death yak
 17967 | Lair:3   | Killed a death yak
 18269 | Lair:3   | Noticed a six-headed hydra
 18272 | Lair:3   | Killed a six-headed hydra
 18506 | Lair:3   | Noticed an eight-headed hydra
 18509 | Lair:3   | Killed an eight-headed hydra
 18883 | Lair:3   | Gained mutation: You regenerate health from kills. [demonic
                  | ancestry]
 18883 | Lair:3   | Reached XP level 13. HP: 98/98 MP: 16/28
 19349 | Lair:3   | Identified a scroll of acquirement
 19349 | Lair:3   | Acquired the Hermit's Pendant {Faith Invo=14 Evo=0 MP+5}
 19349 | Lair:3   | Found the Hermit's Pendant {Faith Invo=14 Evo=0 MP+5}
 19399 | Lair:4   | Noticed Rupert
 19586 | Lair:4   | Paralysed by Rupert for 5 turns
 19598 | Lair:4   | Killed Rupert
 20230 | Lair:4   | Reached ***** piety under Vehumet
 20368 | Lair:4   | Noticed Nessos
 20371 | Lair:4   | Killed Nessos
 20429 | Lair:4   | Offered knowledge of Fireball by Vehumet.
 20493 | Lair:4   | Reached skill level 12 in Conjurations
 21467 | Lair:5   | Entered Level 5 of the Lair of Beasts
 21711 | Lair:4   | Succumbed to a black mamba's poison

Illustrated notes

Levels and vault maps discovered:
D:1:      lemuel_arrival_room, layout_basic
D:2:      layout_basic, ebering_ecumenical_altar_petrified,
          minmay_shallow_snake_nest
D:3:      layout_loops_ring, minmay_misc_feat_encased, uniq_natasha, uniq_robin,
          uniq_crazy_yiuf_cottage
D:4:      layout_basic, eino_small_chamber_without_monster,
          minmay_a_box_with_orc_wizards_in_it, uniq_menkaure, uniq_eustachio,
          uniq_pikel
D:5:      layout_cave_pools, minmay_temple_entry_tees, minmay_lizard_king,
          uniq_grinder
D:6:      layout_loops_ring, grunt_temple_overflow_open
D:7:      layout_gridville, uniq_maggie, uniq_prince_ribbit1
D:8:      layout_layer_cave, erik_lair_dragon, chequers_serial_rivers_micro_d
D:9:      layout_roguey, minmay_misc_feat_rugged, nicolae_hexahallways,
          abandoned_shop, nicolae_shop_national_dungeon_mall
D:10:     minmay_s_stair_smasher, layout_loops_ring, gammafunk_ghost_smash,
          skrybe_limestone_x
D:11:     layout_cave_pools
D:12:     layout_roguey, david_orc_5, minmay_three_doors, uniq_psyche
Temple:   nicolae_temple_bog_church
Lair:1:   layout_cave_pods, chequers_serial_rivers_small_a, lemuel_fruit_tree
Lair:2:   layout_chaotic_city, minmay_swamp_entry_worms, serial_forest,
          infiniplex_forest_clump_diagonal, infiniplex_forest_zigzag_1,
          infiniplex_forest_side_room, infiniplex_forest_lined_ring,
          infiniplex_forest_side_room, infiniplex_forest_straight_2,
          infiniplex_forest_clump_curved, infiniplex_forest_clump_medium,
          infiniplex_forest_straight_4, grunt_megastairs_4
Lair:3:   layout_long_grid, spider_nest_entry_web_field,
          chequers_serial_rivers_micro_b, infiniplex_staircase_pool_2,
          serial_bayou_shore_a, grunt_megastairs_1
Lair:4:   layout_cellular_growth, serial_rivers, chequers_serial_rivers_small_a,
          chequers_serial_rivers_room_b, chequers_serial_rivers_room_b,
          chequers_serial_rivers_micro_e, chequers_serial_rivers_micro_d,
          serial_bayou_pond_a, grunt_megastairs_2, uniq_rupert, uniq_nessos
Lair:5:   evil_forest, layout_hall_layers, dpeg_slime_entry_corner, ice2_lemuel

Skill      XL: |  1  2  3  4  5  6  7  8  9 10 11 12 13 |
---------------+----------------------------------------+-----
Dodging        | 2 3 4 5 6 |  6.0
Fighting       | 1 2 3 4 6 7 8 |  8.6
Stealth        | 2 3 |  3.0
Spellcasting   | 3 4 6 7 9 10 11 | 11.9
Conjurations   | 5 6 7 9 10 11 12 | 12.0
Earth Magic    | 1 8 10 11 | 11.8

Action                     |  1- 3 |  4- 6 |  7- 9 | 10-12 | 13-15 || total
---------------------------+-------+-------+-------+-------+-------++-------
  Melee: Unarmed           |    16 |       |       |       |       ||    16
         Short sword       |    12 |    15 |       |       |       ||    27
         Rapier            |       |       |    52 |    37 |       ||    89
         Staff             |       |       |       |    33 |    12 ||    45
         Tailslap          |       |       |       |     4 |     3 ||     7
         Punch             |       |       |       |     1 |       ||     1
   Fire: Sling             |    12 |       |       |       |       ||    12
   Cast: Magic Dart        |    74 |   164 |    17 |     8 |       ||   263
         Searing Ray       |       |       |    62 |    82 |       ||   144
         Static Discharge  |       |       |       |    81 |       ||    81
         Bombard           |       |       |       |    60 |    68 ||   128
         Brom's Barrelling |       |       |       |     7 |       ||     7
         Blink             |       |       |       |     1 |       ||     1
         Lee's Rapid Decon |       |       |       |       |     3 ||     3
  Evoke: Wand              |       |       |       |     2 |     3 ||     5
    Use: Potion            |     1 |       |     4 |     4 |       ||     9
         Scroll            |     5 |     5 |    10 |     9 |     4 ||    33
 Armour: Robe              |    26 |    41 |    54 |       |       ||   121
         Steam dragon scal |       |       |    24 |   346 |    43 ||   413
         Skin              |       |       |       |       |     1 ||     1
  Dodge: Dodged            |    33 |    40 |    78 |   206 |    43 ||   400
  Block: Other             |       |       |       |    60 |       ||    60
